 Dungeon Sprint DCSS version 0.21.1-1-g345015fe64 (webtiles) character file.

487263 Nordon the Invulnerable (level 19, 151/151 HPs)
             Began as a Gargoyle Fighter on Apr 7, 2018.
             Was the Champion of Makhleb.
             Escaped with the Orb!
             The game lasted 00:42:07 (2634 turns).

Nordon the Invulnerable (Gargoyle Fighter)          Turns: 2634, Time: 00:42:07

Health: 151/151    AC: 58    Str: 24      XL:     19   Next: 95%
Magic:  32/32      EV: 17    Int:  9 (10) God:    Makhleb [******]
Gold:   0          SH: 29    Dex: 12      Spells: 18/18 levels left

rFire    + + .     SeeInvis +   H - +7 Singing Sword
rCold    + + +     Gourm    .   v - +2 shield of Resistance {rF+ rC+ MR+}
rNeg     + + .     Faith    .   x - +9 gold dragon scales
rPois    ∞         Spirit   .   F - +2 helmet {SInv}
rElec    +         Reflect  +   V - +0 cloak
rCorr    +         Harm     .   P - +1 pair of gloves of Seeduon {MR+ rCorr Stlth+}
MR       +++..     NoTele   +   M - +2 pair of boots {Stlth+}
Stlth    ..........             I - brooch of Shielding {Reflect SH+8}
HPRegen  0.35/turn              Q - ring "Paminax" {rC+ Slay+3}
MPRegen  0.23/turn              G - ring of the Catamount {rC+ rN+}

@: flying, studying Dodging
A: big wings, deformed body, low mp 1, negative energy resistance 1, screaming
1, electricity resistance, unbreathing, petrification resistance, rot immunity,
AC +14
0: Orb of Zot
a: Stop Flying, Minor Destruction, Lesser Servant of Makhleb, Major Destruction,
Greater Servant of Makhleb, Renounce Religion


You escaped.
You worshipped Makhleb.
Makhleb was exalted by your worship.
You were not hungry.

You visited 1 branch


Innate Abilities, Weirdness & Mutations

You are resistant to torment.
Your stone body is resilient. (AC +14)
You are immune to poison.
Your large and strong wings let you fly indefinitely.
You resist negative energy. (rN+)
You are resistant to electric shocks. (rElec)
You can survive without breathing.
You are immune to petrification.
You are immune to rotting.
Armour fits poorly on your strangely shaped body.
Your magical capacity is low. (-10% MP)
You occasionally shout uncontrollably at your foes.


   Skills:
 O Level 27 Fighting
 - Level 22.0 Long Blades
   Level 1.7 Axes
 O Level 27 Armour
 + Level 23.9 Dodging
 O Level 27 Shields
 O Level 27 Evocations


You had 18 spell levels left.
You didn't know any spells.

Inventory:

Hand Weapons
 H - the +7 Singing Sword (weapon)
   (You found it in the Dungeon)
Armour
 c - the +15 Maxwell's patent armour {-Cast -Tele rElec MR+ rCorr}
   (You found it in the Dungeon)

   It insulates you from electricity.
   It affects your resistance to hostile enchantments.
   It prevents spellcasting.
   It prevents most forms of teleportation.
   It protects you from acid and corrosion.
 v - the +2 shield of Resistance (worn) {rF+ rC+ MR+}
   (You found it in the Dungeon)

   It protects you from fire.
   It protects you from cold.
   It affects your resistance to hostile enchantments.
 x - +9 gold dragon scales (worn)
 E - the +0 helmet "Kaloih" {rC+}
   (You found it in the Dungeon)

   It protects you from cold.
 F - a +2 helmet of see invisible (worn)
 M - a +2 pair of boots of stealth (worn)
 P - the +1 pair of gloves of Seeduon (worn) {MR+ rCorr Stlth+}
   (You found it in the Dungeon)

   It affects your resistance to hostile enchantments.
   It protects you from acid and corrosion.
   It makes you more stealthy.
 U - the +18 shield of the Gong {rElec rN+ MR+ EV-5}
   (You found it in the Dungeon)

   It affects your evasion (-5).
   It insulates you from electricity.
   It protects you from negative energy.
   It affects your resistance to hostile enchantments.
 V - a +0 cloak (worn)
Jewellery
 i - the amulet "Bapnir" {Spirit MR++ Str+4}
   (You found it in the Dungeon)

   [amulet of guardian spirit]

   It causes incoming damage to be split between your health and magic.
   It affects your strength (+4).
   It affects your resistance to hostile enchantments.
 m - the ring of the Princess {rElec rC++ MR+ MP+9}
   (You took it off a purple draconian in the Dungeon)

   [ring of magical power]

   It greatly protects you from cold.
   It insulates you from electricity.
   It affects your resistance to hostile enchantments.
   It affects your magic capacity (+9).
 D - the ring "Saiq" {rN++ MR+ Str+4}
   (You found it in the Dungeon)

   [ring of protection from magic]

   It affects your strength (+4).
   It greatly protects you from negative energy.
   It affects your resistance to hostile enchantments.
 G - the ring of the Catamount (right hand) {rC+ rN+}
   (You found it in the Dungeon)

   [ring of protection from cold]

   It protects you from cold.
   It protects you from negative energy.
 I - the brooch of Shielding (around neck) {Reflect SH+8}
   (You found it in the Dungeon)

   [amulet of reflection]

   It shields you and reflects attacks.
   It affects your SH (+8).
 Q - the ring "Paminax" (left hand) {rC+ Slay+3}
   (You found it in the Dungeon)

   [ring of protection from cold]

   It affects your accuracy and damage with ranged weapons and melee attacks
   (+3).
   It protects you from cold.
 R - the amulet of Vitality {Regen+ HP+15}
   (You found it in the Dungeon)

   [amulet of regeneration]

   It affects your health (+15).
   It increases your rate of regeneration.
 S - the ring of the Ancient Shrikes {rPois rF+ Int+2 SInv}
   (You found it in the Dungeon)

   [ring of intelligence]

   It affects your intelligence (+2).
   It protects you from fire.
   It protects you from poison.
   It lets you see invisible.
 T - the ring "Ozu Juost" {rCorr rElec Int+6}
   (You found it in the Dungeon)

   [ring of resist corrosion]

   It affects your intelligence (+6).
   It insulates you from electricity.
 X - a +6 ring of dexterity
 Z - an amulet of Ceogisyr {*Contam *Drain +Rage rF+++ MR+}
   (You took it off a deep elf blademaster in the Dungeon)

   [amulet of rage]

   It renders you almost immune to fire.
   It affects your resistance to hostile enchantments.
   It lets you go berserk.
   It causes magical contamination when unequipped.
   It causes draining when unequipped.
Wands
 a - a wand of acid (6)
 A - a wand of disintegration (7)
 B - a wand of iceblast (7)
Scrolls
 k - 4 scrolls of blinking
 q - 4 scrolls of amnesia
 r - 7 scrolls of fog
 t - 5 scrolls of identify {@r1}
 u - 5 scrolls of remove curse {@r2}
 z - a scroll of holy word
 C - 4 scrolls of enchant armour
 N - 10 scrolls of brand weapon
 O - 12 scrolls of enchant weapon
Potions
 d - 3 potions of might
 e - 10 potions of curing {@q1}
 g - 5 potions of heal wounds {@q2}
 h - 9 potions of haste {@q3}
 j - 3 potions of berserk rage {!q}
 l - 2 potions of brilliance
 n - 4 potions of resistance
 p - 7 potions of agility
 y - 7 potions of magic
Books
 J - a book of Battle

   Spells                             Type                      Level
   a - Infusion                       Charms                       1
   b - Shroud of Golubria             Charms/Translocation         2
   c - Song of Slaying                Charms                       2
   d - Spectral Weapon                Hexes/Charms                 3
   e - Regeneration                   Charms/Necromancy            3
 W - a manual of Dodging {!d}
Miscellaneous
 b - 14 phantom mirrors
 o - a lamp of fire
 s - a fan of gales
 w - a lightning rod (4/4)
 K - 8 boxes of beasts
 L - a phial of floods
 Y - 7 sacks of spiders
Comestibles
 f - 8 rations {@e1}

Dungeon Overview and Level Annotations

Branches:
Dungeon (1/1)

Altars:
Ashenzari
Cheibriados
Dithmenos
Elyvilon
Fedhas
Gozag
Hepliaklqana
Kikubaaqudgha
Makhleb
Nemelex Xobeh
Okawaru
Qazlal
Ru
Sif Muna
Trog
Uskayaw
Vehumet
Wu Jian
Xom
Yredelemnul
Zin
The Shining One
Beogh
Jiyva
Lugonu

............█..█.......█..█...8©8
............█.███†††..███.█..).).
............█..█.†.....█..█...))|
............█.............█......
†...........█.....†©......█......
†...........███████████████......
█.......█...█8888888888888█......
██.....███†.█8...........8█......
█..†.†..█..†█8..@§....©..8█.█.)).
............█8...........8█...)©.
....©..†....█8888888888888███████


█████████████████████████████████ .....8©8........█........8©8.....
==:.=}))).[))=).█.|}}.[|.).).)):. )[:)=..)=):}|:|.█.))):||.:)).)|..
:.|):=:).:)=))".█.:)[)}:)[|:)}).} ...........†....█...)...=})}).... There were
no monsters in sight!


Message History

You see here an uncursed staff of wizardry {!a}.
You see here an uncursed amulet of regeneration.
You see here a fan of gales.
You see here the +2 leather armour of Demons {-Cast Int+3 Slay+5}.
You see here a book of Battle.
You see here a +2 demon blade of electrocution.
You see here an uncursed staff of power {!a}.
You see here a +8 giant club.
You see here a +4 rapier of venom.
You see here the +6 war axe of Defiance {freeze, *Corrode *Drain rPois rN+++}.
You see here a +2 quarterstaff of distortion.
You see here a +0 leather armour of positive energy.
Your pack is full.
Things that are here:
a box of beasts; an uncursed ring of positive energy You see here an uncursed staff of earth.
You see here the +2 leather armour of Demons {-Cast Int+3 Slay+5}.
You see here a fan of gales.
There is a transporter here.
An exit appears before you!
You enter the transporter and appear at another place.
Found the Orb of Zot.
Found a staircase leading out of the dungeon.
You see here the Orb of Zot.
You pick up the Orb of Zot!
The Orb lets out a hideous shriek!
The lords of Pandemonium are not amused.
Beware!
Now all you have to do is get back out of the dungeon!
There is a staircase leading out of the dungeon here.
You can't go down here!
You have escaped!

Skill      XL: |  1  2  3  4  5  6  7  8  9 10 11 12 13 14 15 16 17 18 19 |
---------------+----------------------------------------------------------+-----
Fighting       | 4 6 8 9 10 11 12 13 14 16 17 19 21 23 25 27 | 27.0
Long Blades    | 3 4 6 8 9 11 12 14 16 18 19 21 22 | 22.0
Armour         | 4 6 8 9 10 11 12 13 14 16 17 19 21 23 25 27 | 27.0
Shields        | 4 6 8 9 10 11 12 13 14 16 17 19 21 23 25 27 | 27.0
Dodging        | 3 5 9 11 12 15 17 19 21 23 | 23.9
Evocations     | 8 12 16 20 21 24 27 | 27.0
Axes           | |  1.7

Action                   |  1- 3 |  4- 6 |  7- 9 | 10-12 | 13-15 | 16-18 | 19-21 || total
-------------------------+-------+-------+-------+-------+-------+-------+-------++-------
Melee: Double sword      |     7 |    18 |    55 |    88 |   303 |   173 |    41 ||   685
 Abil: Fly               |       |       |       |       |       |     1 |       ||     1
Evoke: Lightning rod     |       |     1 |       |     7 |    14 |    36 |    20 ||    78
       Phial of floods   |       |       |     2 |     2 |     5 |     3 |       ||    12
       Lamp of fire      |       |       |     2 |     2 |     6 |     4 |     2 ||    16
       Fan of gales      |       |       |       |       |     2 |     1 |       ||     3
       Wand              |       |       |       |       |     1 |       |       ||     1
       Sack of spiders   |       |       |       |       |       |     2 |       ||     2
  Use: Potion            |     1 |       |       |     7 |     7 |     4 |       ||    19
       Scroll            |       |       |       |     1 |     1 |     4 |       ||     6
 Stab: Confused          |       |       |     3 |       |       |       |       ||     3
       Invisible         |       |       |       |     1 |       |       |       ||     1
  Eat: Ration            |       |       |       |       |     2 |       |     1 ||     3
       Chunk             |       |       |       |       |       |     1 |       ||     1
Armor: Plate armour      |    20 |     4 |    23 |   107 |   318 |   103 |       ||   575
       Gold dragon scale |       |       |       |       |       |   116 |    33 ||   149
Dodge: Dodged            |       |       |     1 |    40 |   144 |   128 |    19 ||   332
Block: Shield            |    20 |    23 |    85 |   191 |   683 |   443 |    58 ||  1503
       Reflection        |       |       |       |       |       |     1 |     2 ||     3
       Rpst.: Double sword |       |       |       |     6 |    20 |    14 |     3 ||    43

Vault maps used:
D:        sprint_v

Notes
Turn   | Place    | Note
-------+----------+-------------------------------------------
     0 | D        | Found the +6 Majin-Bo {vamp, Archmagi MP+6 Int+6}
     0 | D        | Found the +7 great mace "Firestarter" {inner flame, rF++}
     0 | D        | Nordon the Gargoyle Fighter began the quest for the Orb.
     0 | D        | Reached XP level 1. HP: 14/14 MP: 1/1
     0 | D        | Found a deep blue altar of Sif Muna.
     0 | D        | Found a sacrificial altar of Ru.
     0 | D        | Found a bloodstained altar of Trog.
     0 | D        | Found a stormy altar of Qazlal.
     0 | D        | Found an iron altar of Okawaru.
     0 | D        | Found a sparkling altar of Nemelex Xobeh.
     0 | D        | Found a blossoming altar of Fedhas.
     2 | D        | Found a transporter.
     2 | D        | Found an ancient bone altar of Kikubaaqudgha.
     2 | D        | Found a viscous altar of Jiyva.
     2 | D        | Found a corrupted altar of Lugonu.
     2 | D        | Found a hazy altar of Hepliaklqana.
     2 | D        | Found a burning altar of Makhleb.
     2 | D        | Found an opulent altar of Gozag.
    76 | D        | Found the +9 heavy crossbow "Sniper" {velocity, Acc+∞ SInv}
    76 | D        | Found the +10 dark maul {crush}
    76 | D        | Found the +15 Maxwell's patent armour {-Cast -Tele rElec MR+ rCorr}
    76 | D        | Found the +18 shield of the Gong {rElec rN+ MR+ EV-5}
    76 | D        | Found the cursed +14 obsidian axe {chop, +Fly SInv *Curse}
    80 | D        | Found the +6 shillelagh "Devastator" {shatter}
    80 | D        | Found the +11 plutonium sword {*Contam Stlth-}
    80 | D        | Found the +8 lance "Wyrmbane" {slay drac, rPois rF+ rC+ AC+3}
    80 | D        | Found the +9 sword of Zonguldrok {reap}
    80 | D        | Found the cursed +13 scythe of Curses {drain, *Curse}
    80 | D        | Found the +0 sword of Power
    80 | D        | Found the +0 mace of Variability {chaos}
    80 | D        | Found the +7 Singing Sword
    80 | D        | Found the +7 longbow "Piercer" {penet, EV-2}
   120 | D        | Became a worshipper of Makhleb the Destroyer
   127 | D        | Entered arena 2.
   127 | D        | Noticed a quasit
   127 | D        | Found a transporter.
   134 | D        | Killed a quasit
   134 | D        | Reached skill level 4 in Fighting
   134 | D        | Reached skill level 3 in Long Blades
   134 | D        | Reached skill level 4 in Armour
   134 | D        | Reached skill level 4 in Shields
   134 | D        | Reached XP level 2. HP: 20/20 MP: 2/2
   134 | D        | Reached XP level 3. HP: 24/24 MP: 3/3
   146 | D        | Entered arena 3.
   146 | D        | Noticed a slime creature
   146 | D        | Found a transporter.
   149 | D        | Reached * piety under Makhleb
   149 | D        | Reached skill level 4 in Long Blades
   149 | D        | Reached XP level 4. HP: 30/30 MP: 0/4
   153 | D        | Killed a slime creature
   153 | D        | Reached skill level 6 in Fighting
   153 | D        | Reached skill level 6 in Long Blades
   153 | D        | Reached skill level 6 in Armour
   153 | D        | Reached skill level 6 in Shields
   153 | D        | Reached XP level 5. HP: 26/37 MP: 0/5
   153 | D        | Reached XP level 6. HP: 30/42 MP: 0/6
   154 | D        | Reached skill level 7 in Long Blades
   211 | D        | Entered arena 4.
   211 | D        | Found a transporter.
   213 | D        | Reached ** piety under Makhleb
   213 | D        | Reached skill level 7 in Fighting
   213 | D        | Reached skill level 7 in Armour
   213 | D        | Reached skill level 7 in Shields
   242 | D        | Entered arena 5.
   242 | D        | Found a transporter.
   245 | D        | Reached *** piety under Makhleb
   245 | D        | Reached skill level 8 in Long Blades
   248 | D        | Reached **** piety under Makhleb
   259 | D        | Entered arena 6.
   259 | D        | Noticed a swamp drake
   259 | D        | Noticed a swamp drake
   259 | D        | Noticed a steam dragon
   259 | D        | Noticed a swamp drake
   259 | D        | Noticed a steam dragon
   259 | D        | Found a transporter.
   263 | D        | Killed a swamp drake
   263 | D        | Reached skill level 8 in Fighting
   263 | D        | Reached skill level 8 in Armour
   263 | D        | Reached skill level 8 in Shields
   263 | D        | Reached XP level 7. HP: 49/49 MP: 7/7
   265 | D        | Reached skill level 9 in Long Blades
   269 | D        | Killed a steam dragon
   272 | D        | Killed a steam dragon
   272 | D        | Reached ***** piety under Makhleb
   272 | D        | Reached skill level 9 in Fighting
   272 | D        | Reached skill level 9 in Armour
   272 | D        | Reached skill level 9 in Shields
   272 | D        | Reached XP level 8. HP: 56/56 MP: 8/8
   285 | D        | Entered arena 7.
   285 | D        | Noticed a naga mage
   287 | D        | Found a transporter.
   291 | D        | Reached skill level 10 in Long Blades
   293 | D        | Killed a naga mage
   309 | D        | Entered arena 8.
   309 | D        | Noticed a spriggan rider
   312 | D        | Reached skill level 11 in Long Blades
   313 | D        | Found a transporter.
   319 | D        | Reached skill level 10 in Fighting
   319 | D        | Reached skill level 10 in Armour
   319 | D        | Reached skill level 10 in Shields
   322 | D        | Reached XP level 9. HP: 62/62 MP: 9/9
   332 | D        | Killed a hornet
   332 | D        | Reached ****** piety under Makhleb
   353 | D        | Entered arena 9.
   354 | D        | Found the cursed necklace of Bloodlust {*Rage +Rage MR++ Int-3 Slay+6 *Curse}
   355 | D        | Found a transporter.
   360 | D        | Reached skill level 12 in Long Blades
   364 | D        | Reached skill level 11 in Armour
   364 | D        | Reached skill level 11 in Shields
   366 | D        | Reached skill level 11 in Fighting
   387 | D        | Entered arena 10.
   387 | D        | Noticed a brown ugly thing
   387 | D        | Noticed a shining eye
   387 | D        | Noticed a shining eye
   387 | D        | Noticed a shining eye
   387 | D        | Gained mutation: Armour fits poorly on your strangely shaped body. [a shining eye]
   388 | D        | Found the amulet of Vitality {Regen+ HP+15}
   391 | D        | Killed a shining eye
   395 | D        | Killed a brown ugly thing
   395 | D        | Reached XP level 10. HP: 70/70 MP: 10/10
   398 | D        | Reached skill level 13 in Long Blades
   401 | D        | Killed a shining eye
   402 | D        | Killed a shining eye
   402 | D        | Reached skill level 12 in Fighting
   402 | D        | Reached skill level 12 in Armour
   402 | D        | Reached skill level 12 in Shields
   405 | D        | Found a transporter.
   412 | D        | Got the +1 pair of gloves of Seeduon {MR+ rCorr Stlth+}
   436 | D        | Entered arena 11.
   436 | D        | Noticed a shining eye
   436 | D        | Noticed an eye of devastation
   439 | D        | Killed a shining eye
   441 | D        | Found a transporter.
   441 | D        | Paralysed by a floating eye for 4 turns
   444 | D        | Killed an eye of devastation
   470 | D        | Entered arena 12.
   470 | D        | Noticed a death yak
   470 | D        | Noticed an elephant
   470 | D        | Noticed a seven-headed hydra
   479 | D        | Killed an elephant
   479 | D        | Reached skill level 14 in Long Blades
   479 | D        | Reached skill level 1 in Dodging
   480 | D        | Reached skill level 2 in Dodging
   484 | D        | Reached skill level 3 in Dodging
   488 | D        | Killed a seven-headed hydra
   488 | D        | Reached XP level 11. HP: 74/77 MP: 11/11
   489 | D        | Killed a death yak
   489 | D        | Reached skill level 13 in Fighting
   489 | D        | Reached skill level 13 in Armour
   489 | D        | Reached skill level 4 in Dodging
   489 | D        | Reached skill level 13 in Shields
   494 | D        | Found the +6 lightning scales {run, rElec}
   494 | D        | Found a transporter.
   526 | D        | Entered arena 13.
   526 | D        | Noticed a spriggan air mage
   526 | D        | Noticed a spriggan berserker
   526 | D        | Noticed a spriggan berserker
   527 | D        | Noticed a spriggan berserker
   527 | D        | Reached skill level 5 in Dodging
   527 | D        | Reached XP level 12. HP: 84/84 MP: 12/12
   528 | D        | Noticed a spriggan air mage
   528 | D        | Noticed a spriggan berserker
   528 | D        | Noticed a spriggan berserker
   528 | D        | Noticed a spriggan berserker
   534 | D        | Noticed a death yak
   535 | D        | Noticed a death yak
   539 | D        | Noticed a death yak
   539 | D        | Killed a spriggan berserker
   539 | D        | Reached skill level 15 in Long Blades
   542 | D        | Killed a spriggan air mage
   542 | D        | Reached skill level 6 in Dodging
   559 | D        | Killed a spriggan berserker
   562 | D        | HP: 6/99 [death yak[a spriggan berserker] (30)]
   565 | D        | Killed a spriggan berserker
   567 | D        | Killed a spriggan berserker
   567 | D        | Reached skill level 7 in Dodging
   570 | D        | Killed a spriggan berserker
   577 | D        | Killed a spriggan berserker
   577 | D        | Reached skill level 14 in Armour
   577 | D        | Reached skill level 14 in Shields
   580 | D        | Killed a spriggan air mage
   580 | D        | Reached skill level 14 in Fighting
   580 | D        | Reached skill level 16 in Long Blades
   580 | D        | Reached skill level 8 in Dodging
   599 | D        | Found a transporter.
   611 | D        | Entered arena 14.
   612 | D        | Noticed an ice dragon
   612 | D        | Noticed a frost giant
   613 | D        | Noticed an ice dragon
   613 | D        | Noticed an ice dragon
   622 | D        | Killed a frost giant
   622 | D        | Reached skill level 9 in Dodging
   624 | D        | Killed an ice dragon
   636 | D        | Reached XP level 13. HP: 84/91 MP: 13/13
   641 | D        | Killed an ice dragon
   641 | D        | Reached skill level 10 in Dodging
   645 | D        | Killed an ice dragon
   645 | D        | Reached skill level 17 in Long Blades
   646 | D        | Found a transporter.
   772 | D        | Entered arena 15.
   777 | D        | Noticed an acid blob
   777 | D        | Noticed a great orb of eyes
   777 | D        | Noticed a death ooze
   777 | D        | Noticed a death ooze
   777 | D        | Noticed a great orb of eyes
   777 | D        | Noticed a great orb of eyes
   778 | D        | Found a transporter.
   784 | D        | Killed a death ooze
   784 | D        | Reached skill level 15 in Armour
   784 | D        | Reached skill level 15 in Shields
   784 | D        | Reached skill level 2 in Evocations
   793 | D        | Killed an acid blob
   793 | D        | Reached skill level 15 in Fighting
   793 | D        | Reached skill level 3 in Evocations
   796 | D        | Killed a great orb of eyes
   796 | D        | Reached skill level 4 in Evocations
   803 | D        | Killed a death ooze
   807 | D        | Killed a great orb of eyes
   807 | D        | Reached skill level 5 in Evocations
   811 | D        | Killed a great orb of eyes
   846 | D        | Entered arena 16.
   847 | D        | Noticed a mummy priest
   848 | D        | Noticed a greater mummy
   849 | D        | Found a transporter.
   855 | D        | Noticed an emperor scorpion
   855 | D        | Noticed an emperor scorpion
   855 | D        | Noticed an emperor scorpion
   856 | D        | Reached skill level 6 in Evocations
   860 | D        | Reached skill level 11 in Dodging
   862 | D        | Killed a mummy priest
   863 | D        | Noticed a reaper
   863 | D        | Reached skill level 18 in Long Blades
   879 | D        | Noticed an emperor scorpion
   879 | D        | Noticed an emperor scorpion
   879 | D        | Noticed an emperor scorpion
   879 | D        | Noticed an emperor scorpion
   881 | D        | Noticed an emperor scorpion
   881 | D        | Noticed an emperor scorpion
   881 | D        | Noticed an emperor scorpion
   887 | D        | Killed a greater mummy
   887 | D        | Reached skill level 16 in Fighting
   887 | D        | Reached skill level 16 in Armour
   887 | D        | Reached skill level 16 in Shields
   887 | D        | Reached skill level 8 in Evocations
   894 | D        | Got the ring "Paminax" {rC+ Slay+3}
   978 | D        | Entered arena 17.
   984 | D        | Noticed Frances
   984 | D        | Noticed Gastronok
   984 | D        | Noticed Saint Roka
   985 | D        | Noticed Blork the orc
   985 | D        | Noticed Rupert
   985 | D        | Noticed Jessica
   985 | D        | Noticed Donald
   985 | D        | Noticed Crazy Yiuf
   985 | D        | Noticed Duvessa
   985 | D        | Noticed Erica
   986 | D        | Noticed Nessos
   988 | D        | Killed Jessica
   988 | D        | Killed Blork the orc
   990 | D        | Killed Crazy Yiuf
   992 | D        | Killed Duvessa
   993 | D        | Killed Frances
   993 | D        | Gained mutation: Your large and strong wings let you fly indefinitely. [Gargoyle growth]
   993 | D        | Reached XP level 14. HP: 100/100 MP: 20/20
   994 | D        | Killed Donald
   994 | D        | Reached skill level 9 in Evocations
  1004 | D        | Killed Rupert
  1007 | D        | Killed Erica
  1010 | D        | Killed Nessos
  1015 | D        | Killed Gastronok
  1015 | D        | Reached skill level 19 in Long Blades
  1015 | D        | Reached skill level 10 in Evocations
  1026 | D        | Killed Saint Roka
  1026 | D        | Reached skill level 12 in Dodging
  1028 | D        | Found a transporter.
  1035 | D        | Got the ring "Ozu Juost" {rCorr rElec Int+6}
  1061 | D        | Entered arena 18.
  1066 | D        | Noticed a lich
  1068 | D        | Noticed a lich
  1068 | D        | Noticed a ghoul
  1075 | D        | Killed a lich
  1075 | D        | Reached skill level 17 in Fighting
  1075 | D        | Reached skill level 17 in Armour
  1075 | D        | Reached skill level 17 in Shields
  1075 | D        | Reached skill level 11 in Evocations
  1082 | D        | Killed a lich
  1091 | D        | Killed a ghoul
  1093 | D        | Reached skill level 12 in Evocations
  1096 | D        | Found a transporter.
  1105 | D        | Got the amulet "Bapnir" {Spirit MR++ Str+4}
  1235 | D        | Entered arena 19.
  1278 | D        | Found a transporter.
  1286 | D        | Got the ring of Yesterday {+Blink MP+9 Dex+4}
  1300 | D        | Entered arena 20.
  1301 | D        | Noticed a vampire knight
  1308 | D        | Noticed a ghoul
  1316 | D        | Killed a vampire knight
  1316 | D        | Reached XP level 15. HP: 107/107 MP: 21/24
  1328 | D        | Reached skill level 13 in Evocations
  1335 | D        | Reached skill level 13 in Dodging
  1352 | D        | Killed a ghoul
  1367 | D        | Found a transporter.
  1386 | D        | Entered arena 21.
  1392 | D        | Noticed a titan
  1392 | D        | Noticed an electric golem
  1393 | D        | Noticed a titan
  1394 | D        | Noticed a storm dragon
  1394 | D        | Noticed a storm dragon
  1395 | D        | Noticed a storm dragon
  1396 | D        | Noticed a storm dragon
  1397 | D        | Noticed a storm dragon
  1397 | D        | Noticed an electric golem
  1398 | D        | Noticed a storm dragon
  1398 | D        | Noticed a storm dragon
  1398 | D        | Noticed an electric golem
  1400 | D        | Killed a storm dragon
  1400 | D        | Reached skill level 18 in Fighting
  1400 | D        | Reached skill level 18 in Armour
  1400 | D        | Reached skill level 18 in Shields
  1404 | D        | Killed a storm dragon
  1406 | D        | Killed a titan
  1406 | D        | Reached skill level 14 in Evocations
  1407 | D        | Killed an electric golem
  1408 | D        | Killed a titan
  1408 | D        | Reached skill level 14 in Dodging
  1412 | D        | Killed a storm dragon
  1422 | D        | HP: 5/109 [storm dragon/bolt of lightning (6)]
  1423 | D        | Found a transporter.
  1427 | D        | Killed a storm dragon
  1430 | D        | Killed a storm dragon
  1433 | D        | Killed a storm dragon
  1433 | D        | Reached skill level 15 in Evocations
  1433 | D        | Killed a storm dragon
  1445 | D        | Killed an electric golem
  1445 | D        | Reached skill level 15 in Dodging
  1445 | D        | Reached skill level 19 in Shields
  1447 | D        | Killed an electric golem
  1447 | D        | Reached skill level 19 in Fighting
  1447 | D        | Reached skill level 19 in Armour
  1564 | D        | Got the ring of the Catamount {rC+ rN+}
  1580 | D        | Entered arena 22.
  1587 | D        | Noticed a shard shrike
  1587 | D        | Noticed a juggernaut
  1587 | D        | Noticed an iron giant
  1587 | D        | a juggernaut changed into an iron giant
  1591 | D        | Noticed a juggernaut
  1591 | D        | Noticed a titan
  1591 | D        | Noticed a juggernaut
  1591 | D        | Noticed a glowing shapeshifter
  1591 | D        | Noticed a titan
  1591 | D        | Noticed a shard shrike
  1591 | D        | a juggernaut changed into a shard shrike
  1592 | D        | Noticed a juggernaut
  1592 | D        | Noticed a caustic shrike
  1592 | D        | Noticed an iron giant
  1592 | D        | a caustic shrike changed into an iron giant
  1592 | D        | Noticed a titan
  1592 | D        | a juggernaut changed into a titan
  1592 | D        | Noticed a shard shrike
  1592 | D        | a glowing shapeshifter changed into a shard shrike
  1593 | D        | Noticed a titan
  1593 | D        | a shard shrike changed into a titan
  1593 | D        | Noticed a juggernaut
  1593 | D        | a titan changed into a juggernaut
  1593 | D        | Noticed a shard shrike
  1593 | D        | a titan changed into a shard shrike
  1593 | D        | Noticed a shard shrike
  1593 | D        | a juggernaut changed into a shard shrike
  1593 | D        | Noticed a caustic shrike
  1593 | D        | an iron giant changed into a caustic shrike
  1594 | D        | Noticed a caustic shrike
  1594 | D        | an iron giant changed into a caustic shrike
  1594 | D        | Noticed a titan
  1594 | D        | a shard shrike changed into a titan
  1594 | D        | Noticed an acid blob
  1594 | D        | a caustic shrike changed into an acid blob
  1594 | D        | Gained mutation: You occasionally shout uncontrollably at your foes. [a shining eye]
  1595 | D        | Noticed a titan
  1595 | D        | a juggernaut changed into a titan
  1597 | D        | Noticed an iron dragon
  1597 | D        | Reached skill level 16 in Evocations
  1598 | D        | Noticed an iron giant
  1598 | D        | a titan changed into an iron giant
  1598 | D        | Noticed a shard shrike
  1598 | D        | a titan changed into a shard shrike
  1599 | D        | Noticed an iron dragon
  1599 | D        | an acid blob changed into an iron dragon
  1602 | D        | Noticed an acid blob
  1602 | D        | a caustic shrike changed into an acid blob
  1602 | D        | Noticed a golden dragon
  1602 | D        | an iron giant changed into a golden dragon
  1602 | D        | Noticed a titan
  1602 | D        | a shard shrike changed into a titan
  1603 | D        | Noticed a caustic shrike
  1603 | D        | an acid blob changed into a caustic shrike
  1603 | D        | Noticed a sphinx
  1603 | D        | a golden dragon changed into a sphinx
  1603 | D        | Noticed an acid blob
  1603 | D        | an iron dragon changed into an acid blob
  1603 | D        | Noticed a juggernaut
  1603 | D        | a shard shrike changed into a juggernaut
  1603 | D        | Noticed a shadow dragon
  1603 | D        | an iron dragon changed into a shadow dragon
  1604 | D        | Killed a titan
  1605 | D        | Noticed a shadow dragon
  1605 | D        | a caustic shrike changed into a shadow dragon
  1605 | D        | Noticed a juggernaut
  1605 | D        | a titan changed into a juggernaut
  1605 | D        | Noticed a titan
  1605 | D        | a juggernaut changed into a titan
  1605 | D        | Noticed an acid blob
  1605 | D        | a titan changed into an acid blob
  1605 | D        | Noticed a titan
  1605 | D        | a shard shrike changed into a titan
  1606 | D        | Noticed an iron dragon
  1606 | D        | an acid blob changed into an iron dragon
  1606 | D        | Noticed a shadow dragon
  1606 | D        | a titan changed into a shadow dragon
  1608 | D        | Noticed a fire giant
  1608 | D        | a shadow dragon changed into a fire giant
  1608 | D        | Noticed an acid blob
  1608 | D        | a titan changed into an acid blob
  1608 | D        | Noticed a caustic shrike
  1608 | D        | an acid blob changed into a caustic shrike
  1609 | D        | Noticed a shadow dragon
  1609 | D        | an iron dragon changed into a shadow dragon
  1610 | D        | a fire giant changed into a stone giant
  1610 | D        | Noticed a shadow dragon
  1610 | D        | a sphinx changed into a shadow dragon
  1610 | D        | Noticed a shard shrike
  1610 | D        | a juggernaut changed into a shard shrike
  1612 | D        | Noticed a sphinx
  1612 | D        | a shadow dragon changed into a sphinx
  1613 | D        | Noticed a shadow dragon
  1613 | D        | a stone giant changed into a shadow dragon
  1613 | D        | Noticed an iron giant
  1613 | D        | a shadow dragon changed into an iron giant
  1613 | D        | Noticed an acid blob
  1613 | D        | a caustic shrike changed into an acid blob
  1614 | D        | Noticed a storm dragon
  1614 | D        | a spark wasp changed into a storm dragon
  1616 | D        | Noticed an iron dragon
  1616 | D        | a shadow dragon changed into an iron dragon
  1617 | D        | an iron giant changed into an iron troll
  1617 | D        | Noticed a shadow dragon
  1617 | D        | an acid blob changed into a shadow dragon
  1618 | D        | Noticed a caustic shrike
  1618 | D        | an iron dragon changed into a caustic shrike
  1618 | D        | Noticed a quicksilver dragon
  1618 | D        | an iron troll changed into a quicksilver dragon
  1618 | D        | Noticed a juggernaut
  1618 | D        | a shard shrike changed into a juggernaut
  1621 | D        | Noticed a quicksilver dragon
  1621 | D        | Noticed a shadow dragon
  1621 | D        | an iron troll changed into a shadow dragon
  1622 | D        | Noticed an acid blob
  1623 | D        | Noticed an iron giant
  1623 | D        | a caustic shrike changed into an iron giant
  1623 | D        | a shadow dragon changed into a dire elephant
  1625 | D        | Noticed a titan
  1625 | D        | a juggernaut changed into a titan
  1626 | D        | Noticed a frost giant
  1626 | D        | Noticed a sphinx
  1627 | D        | a sphinx changed into an iron troll
  1628 | D        | Noticed an iron dragon
  1629 | D        | Noticed an iron giant
  1629 | D        | a titan changed into an iron giant
  1629 | D        | a shadow dragon changed into an iron troll
  1630 | D        | Noticed a shadow dragon
  1630 | D        | a dire elephant changed into a shadow dragon
  1632 | D        | Noticed an acid blob
  1632 | D        | an iron giant changed into an acid blob
  1632 | D        | Noticed a fire giant
  1632 | D        | an iron troll changed into a fire giant
  1632 | D        | Noticed an iron dragon
  1632 | D        | an acid blob changed into an iron dragon
  1634 | D        | Noticed a titan
  1634 | D        | an iron giant changed into a titan
  1636 | D        | Noticed a sphinx
  1636 | D        | Noticed a golden dragon
  1636 | D        | an acid blob changed into a golden dragon
  1636 | D        | Noticed a sphinx
  1636 | D        | a fire giant changed into a sphinx
  1638 | D        | Killed an iron dragon
  1638 | D        | Reached XP level 16. HP: 48/117 MP: 2/28
  1638 | D        | Noticed a golden dragon
  1638 | D        | a titan changed into a golden dragon
  1639 | D        | a golden dragon changed into a fire giant
  1639 | D        | Noticed a caustic shrike
  1639 | D        | a golden dragon changed into a caustic shrike
  1639 | D        | a sphinx changed into a stone giant
  1640 | D        | a storm dragon changed into a queen ant
  1640 | D        | Noticed an acid blob
  1640 | D        | a shadow dragon changed into an acid blob
  1640 | D        | Noticed a sphinx
  1640 | D        | an iron dragon changed into a sphinx
  1643 | D        | Noticed a shadow dragon
  1643 | D        | a sphinx changed into a shadow dragon
  1645 | D        | an acid blob changed into an iron dragon
  1648 | D        | Reached skill level 16 in Dodging
  1650 | D        | Noticed an azure jelly
  1650 | D        | a stone giant changed into an azure jelly
  1650 | D        | Noticed an iron giant
  1650 | D        | a shadow dragon changed into an iron giant
  1653 | D        | Killed a caustic shrike
  1653 | D        | Reached skill level 17 in Evocations
  1653 | D        | Noticed a golden dragon
  1653 | D        | an iron dragon changed into a golden dragon
  1657 | D        | Noticed a quicksilver dragon
  1657 | D        | an iron troll changed into a quicksilver dragon
  1657 | D        | Noticed a caustic shrike
  1657 | D        | an iron giant changed into a caustic shrike
  1659 | D        | Noticed a caustic shrike
  1659 | D        | a golden dragon changed into a caustic shrike
  1659 | D        | an azure jelly changed into a stone giant
  1661 | D        | Noticed a shadow dragon
  1661 | D        | an iron dragon changed into a shadow dragon
  1661 | D        | Noticed a shadow dragon
  1661 | D        | a quicksilver dragon changed into a shadow dragon
  1661 | D        | Noticed a shadow dragon
  1661 | D        | a caustic shrike changed into a shadow dragon
  1665 | D        | Noticed a quicksilver dragon
  1665 | D        | a stone giant changed into a quicksilver dragon
  1667 | D        | a shadow dragon changed into a fire giant
  1667 | D        | Noticed a sphinx
  1667 | D        | a quicksilver dragon changed into a sphinx
  1668 | D        | Noticed a shadow dragon
  1668 | D        | a fire giant changed into a shadow dragon
  1668 | D        | Noticed a golden dragon
  1668 | D        | a shadow dragon changed into a golden dragon
  1669 | D        | Noticed a golden dragon
  1669 | D        | a shadow dragon changed into a golden dragon
  1670 | D        | Noticed an iron giant
  1671 | D        | Noticed a golden dragon
  1671 | D        | an iron giant changed into a golden dragon
  1671 | D        | a sphinx changed into an alligator snapping turtle
  1674 | D        | Noticed a caustic shrike
  1674 | D        | a golden dragon changed into a caustic shrike
  1674 | D        | a shadow dragon changed into a frost giant
  1674 | D        | Noticed a shadow dragon
  1674 | D        | a golden dragon changed into a shadow dragon
  1680 | D        | a shadow dragon changed into a fire giant
  1681 | D        | Noticed an iron giant
  1681 | D        | a caustic shrike changed into an iron giant
  1684 | D        | Killed a golden dragon
  1684 | D        | Reached skill level 20 in Fighting
  1684 | D        | Reached skill level 20 in Armour
  1684 | D        | Reached skill level 20 in Shields
  1684 | D        | Noticed a shadow dragon
  1684 | D        | an iron giant changed into a shadow dragon
  1684 | D        | Noticed a shadow dragon
  1684 | D        | a stone giant changed into a shadow dragon
  1684 | D        | Noticed a shadow dragon
  1684 | D        | a fire giant changed into a shadow dragon
  1688 | D        | a shadow dragon changed into an iron troll
  1689 | D        | Noticed a shadow dragon
  1689 | D        | an iron troll changed into a shadow dragon
  1691 | D        | Killed a shadow dragon
  1692 | D        | Noticed an acid blob
  1692 | D        | a shadow dragon changed into an acid blob
  1695 | D        | Noticed a sphinx
  1695 | D        | a shadow dragon changed into a sphinx
  1697 | D        | Killed an acid blob
  1701 | D        | Killed a sphinx
  1703 | D        | Reached skill level 18 in Evocations
  1708 | D        | Found a transporter.
  1710 | D        | Found the +4 robe of Augmentation {Str+4 Int+4 Dex+4}
  1809 | D        | Got an amulet "Ciasi" {+Rage Dex+4}
  1822 | D        | Entered arena 23.
  1828 | D        | Noticed a green draconian monk
  1829 | D        | Found the +2 cloak of the Thief {+Fog Slay-2 SInv Stlth+}
  1829 | D        | Noticed a purple draconian monk
  1829 | D        | Noticed a purple draconian monk
  1843 | D        | Killed a green draconian monk
  1843 | D        | Reached skill level 17 in Dodging
  1845 | D        | Killed a purple draconian monk
  1853 | D        | Reached skill level 19 in Evocations
  1855 | D        | Reached skill level 21 in Shields
  1855 | D        | Reached skill level 21 in Fighting
  1855 | D        | Reached skill level 21 in Armour
  1862 | D        | Reached skill level 20 in Evocations
  1862 | D        | Reached XP level 17. HP: 126/126 MP: 9/31
  1881 | D        | Reached skill level 18 in Dodging
  1902 | D        | Got the ring of the Princess {rElec rC++ MR+ MP+9}
  1905 | D        | Found a transporter.
  1914 | D        | Got the ring "Zihofo" {Ice rElec MR+ Str+3 Dex-2}
  1988 | D        | Entered arena 24.
  1996 | D        | Found the brooch of Shielding {Reflect SH+8}
  2000 | D        | Reached skill level 22 in Shields
  2000 | D        | Reached skill level 22 in Armour
  2002 | D        | Reached skill level 22 in Fighting
  2004 | D        | Reached skill level 20 in Long Blades
  2012 | D        | Reached skill level 21 in Evocations
  2033 | D        | Found a transporter.
  2039 | D        | Found the +2 shield of Resistance {rF+ rC+ MR+}
  2077 | D        | Got the +0 helmet "Kaloih" {rC+}
  2105 | D        | Entered arena 25.
  2114 | D        | Noticed a lich
  2115 | D        | Found the cursed -5 robe of Misfortune {-Cast *Contam *Tele *Drain EV-5 Stlth-- *Curse}
  2117 | D        | Noticed an Executioner
  2126 | D        | Noticed an Executioner
  2135 | D        | Killed a lich
  2141 | D        | Found a transporter.
  2156 | D        | Got the ring "Jamm" {-Tele Int+8 Stlth-}
  2172 | D        | Got the ring "Saiq" {rN++ MR+ Str+4}
  2179 | D        | Got the ring "Tuoni" {+Fly rC+}
  2191 | D        | Entered arena 26.
  2203 | D        | Noticed a quicksilver dragon
  2203 | D        | Noticed a golden dragon
  2203 | D        | Noticed a quicksilver dragon
  2203 | D        | Noticed a quicksilver dragon
  2204 | D        | Noticed a golden dragon
  2207 | D        | Noticed a golden dragon
  2209 | D        | Killed a quicksilver dragon
  2209 | D        | Reached skill level 23 in Armour
  2209 | D        | Reached skill level 19 in Dodging
  2209 | D        | Reached skill level 23 in Shields
  2210 | D        | Reached skill level 23 in Fighting
  2211 | D        | Killed a quicksilver dragon
  2212 | D        | Reached skill level 21 in Long Blades
  2214 | D        | Reached XP level 18. HP: 133/137 MP: 32/32
  2215 | D        | Killed a quicksilver dragon
  2215 | D        | Reached skill level 22 in Evocations
  2215 | D        | Killed a golden dragon
  2216 | D        | Reached skill level 24 in Armour
  2216 | D        | Reached skill level 24 in Shields
  2218 | D        | Reached skill level 24 in Fighting
  2222 | D        | Reached skill level 20 in Dodging
  2224 | D        | Killed a golden dragon
  2229 | D        | Killed a golden dragon
  2229 | D        | Reached skill level 22 in Long Blades
  2249 | D        | Found a transporter.
  2273 | D        | Got the ring "Vebod" {+Inv rN+ Str+4 Int-5 Dex+2}
  2286 | D        | Got the ring of the Ancient Shrikes {rPois rF+ Int+2 SInv}
  2387 | D        | Entered arena 27.
  2401 | D        | Noticed a deep elf master archer
  2402 | D        | Noticed a deep elf blademaster
  2402 | D        | Noticed a deep elf master archer
  2404 | D        | Noticed a deep elf blademaster
  2404 | D        | Noticed a deep elf master archer
  2404 | D        | Noticed a deep elf blademaster
  2405 | D        | Noticed a deep elf blademaster
  2405 | D        | Reached skill level 23 in Evocations
  2406 | D        | Noticed a deep elf blademaster
  2406 | D        | Killed a deep elf master archer
  2407 | D        | Noticed a deep elf master archer
  2407 | D        | Noticed a deep elf master archer
  2408 | D        | Killed a deep elf blademaster
  2408 | D        | Killed a deep elf master archer
  2408 | D        | Reached skill level 25 in Armour
  2408 | D        | Reached skill level 25 in Shields
  2409 | D        | Reached skill level 25 in Fighting
  2413 | D        | Killed a deep elf master archer
  2413 | D        | Killed a deep elf master archer
  2413 | D        | Reached skill level 24 in Evocations
  2413 | D        | Reached skill level 21 in Dodging
  2414 | D        | Reached XP level 19. HP: 147/147 MP: 33/35
  2417 | D        | Reached skill level 26 in Shields
  2418 | D        | Reached skill level 26 in Armour
  2418 | D        | Reached skill level 25 in Evocations
  2418 | D        | Reached skill level 26 in Fighting
  2464 | D        | Got an amulet of Ceogisyr {*Contam *Drain +Rage rF+++ MR+}
  2467 | D        | Found a transporter.
  2477 | D        | Got the +2 helmet of the First Snow {*Drain rF+ Str+2 Stlth+}
  2508 | D        | Entered arena 28.
  2524 | D        | Reached skill level 22 in Dodging
  2524 | D        | Reached skill level 26 in Evocations
  2526 | D        | Gained mutation: Your magical capacity is low. (-10% MP) [a shining eye]
  2528 | D        | Reached skill level 27 in Fighting
  2528 | D        | Reached skill level 27 in Armour
  2528 | D        | Reached skill level 27 in Shields
  2530 | D        | Reached skill level 27 in Evocations
  2533 | D        | Reached skill level 23 in Dodging
  2553 | D        | Found the ring of the Octopus King {MP+9 AC+1 EV+1 Str+1 Int+1 Dex+1}
  2553 | D        | Found a transporter.
  2629 | D        | Got the Orb of Zot
  2634 | D        | Escaped with the Orb!

Vanquished Creatures
  A greater mummy (D)
  Saint Roka (D)
  A caustic shrike (shapeshifter) (D)
  3 golden dragons (D)
  3 electric golems (D)
  3 liches (D)
  Rupert (D)
  A titan (shapeshifter) (D)
  2 titans (D)
  3 quicksilver dragons (D)
  5 deep elf master archers (D)
  5 deep elf blademasters (D)
  A sphinx (shapeshifter) (D)
  Gastronok (D)
  6 acid blobs (D)
  An acid blob (shapeshifter) (D)
  Frances (D)
  7 storm dragons (D)
  3 draconian monks (D)
  A shadow dragon (shapeshifter) (D)
  4 shadow dragons (D)
  Donald (D)
  7 azure jellies (D)
  2 nagarajas (D)
  A fire giant (shapeshifter) (D)
  5 deep elf sorcerers (D)
  A draconian knight (D)
  An iron dragon (shapeshifter) (D)
  6 iron dragons (D)
  A frost giant (D)
  A balrug (D)
  2 large abominations (D)
  A draconian shifter (D)
  A draconian annihilator (D)
  2 draconian stormcallers (D)
  2 ghouls (D)
  A reaper (D)
  3 green draconians (D)
  2 black draconians (D)
  A deep elf demonologist (D)
  3 red draconians (D)
  Nessos (D)
  A vampire knight (D)
  6 purple draconians (D)
  6 white draconians (D)
  3 deep elf annihilators (D)
  5 yellow draconians (D)
  A dire elephant (shapeshifter) (D)
  6 death oozes (D)
  10 deep elf high priests (D)
  7 great orbs of eyes (D)
  2 fire dragons (D)
  A mummy priest (D)
  4 ice dragons (D)
  7 hydras (D)
  5 naga warriors (D)
  An anaconda (D)
  4 spriggan air magi (D)
  A hydra (shapeshifter) (D)
  3 dancing weapons (D)
  A death scarab (D)
  A death yak (D)
  A hell hog (D)
  6 spriggan berserkers (D)
  A vampire mage (D)
  5 deep elf knights (D)
  3 small abominations (D)
  5 death drakes (D)
  2 flayed ghosts (D)
  3 glowing orange brains (D)
  A glowing orange brain (shapeshifter) (D)
  2 deep elf archers (D)
  4 swamp dragons (D)
  A lindwurm (shapeshifter) (D)
  8 deep elf magi (D)
  5 necromancers (D)
  2 shining eyes (shapeshifter) (D)
  6 shining eyes (D)
  A manticore (shapeshifter) (D)
  An elephant (D)
  3 guardian serpents (D)
  5 black mambas (D)
  10 naga magi (D)
  6 eyes of devastation (D)
  A spiny frog (D)
  3 rime drakes (D)
  3 freezing wraiths (D)
  3 ice devils (D)
  A yaktaur (shapeshifter) (D)
  3 guardian mummies (D)
  2 red devils (D)
  A komodo dragon (shapeshifter) (D)
  3 tormentors (D)
  A jumping spider (shapeshifter) (D)
  A meliai (shapeshifter) (D)
  7 wind drakes (D)
  22 slime creatures (D)
  2 hippogriffs (D)
  A hornet (D)
  A slime creature (shapeshifter) (D)
  A spriggan (shapeshifter) (D)
  A flying skull (D)
  A tarantella (shapeshifter) (D)
  2 shadows (D)
  5 air elementals (D)
  A spriggan (D)
  2 yaks (D)
  3 vampires (D)
  2 ushabtiu (D)
  2 wyverns (D)
  3 wraiths (D)
  2 basilisks (shapeshifter) (D)
  8 steam dragons (D)
  3 golden eyes (D)
  2 golden eyes (shapeshifter) (D)
  A neqoxec (D)
  A swamp worm (shapeshifter) (D)
  6 nagas (D)
  3 acid dragons (D)
  A soldier ant (shapeshifter) (D)
  5 water moccasins (D)
  2 hell hounds (D)
  Duvessa (D)
  An ice beast (D)
  2 eyes of draining (D)
  5 porcupines (D)
  3 orc warriors (D)
  2 black bears (D)
  7 swamp drakes (D)
  5 wolves (D)
  4 crocodiles (D)
  5 bullfrogs (D)
  Blork the orc (D)
  2 earth elementals (D)
  10 wights (D)
  A crimson imp (D)
  A quasit (D)
  4 orc priests (D)
  Crazy Yiuf (D)
  13 jellies (D)
  2 orc wizards (D)
  Jessica (D)
  4 mummies (D)
  2 adders (D)
  2 shadow imps (D)
  A white imp (D)
  4 oozes (D)
  10 adder zombies (D)
  9 adder skeletons (D)
  2 orcs (D)
  2 bat skeletons (D)
  7 bat zombies (D)
  4 ball pythons (D)
  A ball python skeleton (D)
  A ball python zombie (D)
  A giant cockroach zombie (D)
  A jackal simulacrum (D)
  A jackal skeleton (D)
  3 leopard gecko skeletons (D)
  5 quokka zombies (D)
  7 crawling corpses (D)
505 creatures vanquished.

Vanquished Creatures (collateral kills)
  A golden dragon (shapeshifter) (D)
  A stone giant (shapeshifter) (D)
  A hydra (D)
  An anaconda (D)
  An ugly thing (D)
  A black mamba (D)
  A naga mage (D)
  2 shining eyes (D)
  A neqoxec (D)
  A swamp worm (shapeshifter) (D)
  A soldier ant (shapeshifter) (D)
  A water moccasin (D)
  A naga (D)
  A floating eye (D)
  A wolf (D)
  An ooze (D)
17 creatures vanquished.

Vanquished Creatures (others)
  2 deep elf sorcerers (D)
  A deep elf high priest (D)
  A spriggan air mage (D)
  3 dancing weapons (D)
  Erica (D)
  2 wind drakes (D)
  2 flying skulls (D)
  2 bat skeletons (D)
  A bat zombie (D)
15 creatures vanquished.

Grand Total: 537 creatures vanquished

Table legend:
 A = Turns spent in this place as a percentage of turns spent in the entire game.
 B = Non-inter-level travel turns spent in this place as a percentage of non-inter-level travel turns spent in the entire game.
 C = Inter-level travel turns spent in this place as a percentage of turns spent in this place.
 D = Turns resting spent in this place as a percentage of non-inter-level travel turns spent in this place.
 E = Turns spent auto-exploring this place as a percentage of non-inter-level travel turns spent in this place.
 F = Non-inter-level travel turns spent in this place divided by the number of levels of this place that you've seen.
                   A       B       C       D       E      F
               +-------+-------+-------+-------+-------+----------------------
         Total | 100.0 | 100.0 |   0.0 |  23.2 |   0.0 | 2634.0
       Dungeon | 100.0 | 100.0 |   0.0 |  23.2 |   0.0 | 2634.0
               +-------+-------+-------+-------+-------+----------------------

Table legend:
 A = Spawn XP
 B = Non-spawn XP
 C = Spawn XP percentage of total XP
 D = Spawn monster count
 E = Non-spawn monster count
 F = Spawn count percentage of total count
 G = Total turns spent on level
                    A         B        C        D         E        F      G
               +---------+---------+-------+---------+---------+-------+---------
         Total |       0 |  385989 |   0.0 |       0 |     527 |   0.0 |  2634
               +---------+---------+-------+---------+---------+-------+---------
             D |       0 |  385989 |   0.0 |       0 |     527 |   0.0 |  2634
               +---------+---------+-------+---------+---------+-------+---------
